 Dungeon Crawl Stone Soup version 0.29-a0-284-gf9362112df (webtiles) character file.

Game seed: 901101746324625209

56 sammy202020 the Chopper (level 3, -3/33 HPs)
             Began as a Minotaur Berserker on Mar 18, 2022.
             Was a Believer of Trog.
             Slain by a gnoll
             ... wielding a +0 whip
              (4 damage)
             ... on level 2 of the Dungeon.
             The game lasted 00:01:35 (1134 turns).

sammy202020 the Chopper (Minotaur Berserker)        Turns: 1134, Time: 00:01:36

Health: -3/33      AC: 13    Str: 21    XL:     3   Next: 71%
Magic:  2/2        EV:  6    Int:  6    God:    Trog [**....]
Gold:   85         SH:  0    Dex:  9    Spells: 2/2 levels left

rFire   . . .      SeeInvis .   a - +0 hand axe (vamp)
rCold   . . .      Faith    .   (no shield)
rNeg    . . .      Spirit   .   h - +0 plate armour
rPois   .          Reflect  .   (helmet restricted)
rElec   .          Harm     .   (no cloak)
rCorr   .          Rampage  .   j - +1 pair of gloves
Will    .....                   (no boots)
Stlth   ..........              (no amulet)
HPRegen 0.11/turn               (no ring)
MPRegen 0.08/turn               (no ring)

@: no status effects
A: horns 2, retaliatory headbutt
a: Renounce Religion, Berserk, Trog's Hand


You were on level 2 of the Dungeon.
You worshipped Trog.
Trog was pleased with you.
You visited 1 branch of the dungeon, and saw 2 of its levels.

You collected 85 gold pieces.

Inventory:

Hand Weapons
 a - a +0 vampiric hand axe (weapon)
Armour
 h - a +0 plate armour (worn)
 j - a +1 pair of gloves (worn)
Scrolls
 c - a scroll of fear {unknown}
 g - 2 scrolls of teleportation {unknown}
Potions
 b - a potion of brilliance {unknown}
 d - a potion of degeneration {unknown}
 e - a potion of mutation {unknown}
 f - a potion of curing {unknown}
 i - a potion of heal wounds {unknown}


   Skills:
 * Level 4.3 Fighting
 * Level 4.3 Axes
 * Level 3.4 Armour
 + Level 2.5 Dodging


You had 2 spell levels left.
You didn't know any spells.
Your spell library was empty.

Dungeon Overview and Level Annotations

Branches:
Dungeon (2/15)

Altars:


Innate Abilities, Weirdness & Mutations

You have a pair of horns on your head.
You reflexively headbutt those who attack you in melee.


Message History

You hit the gnoll but do no damage. You hit the kobold.
The gnoll hits you from afar with a +4 vorpal spear.
The gnoll hits you but does no damage. The kobold hits you with a +0 club.
You are too injured to fight recklessly!
You are too injured to fight recklessly!
You are too injured to fight recklessly!
You are too injured to fight recklessly!
You are too injured to fight recklessly!
You are too injured to fight recklessly!
Unknown command.
You hit the kobold.
You feel better.
The kobold is severely wounded.
You barely miss the gnoll. The kobold completely misses you.
The gnoll hits you but does no damage. The gnoll barely misses you.
You closely miss the kobold.
The kobold is severely wounded.
You hit the gnoll.
You feel better.
The gnoll hits you from afar with a +4 vorpal spear.
The kobold barely misses you.
You hit the kobold.
You kill the kobold!
Trog accepts your kill.
You hit the gnoll.
You feel better. The gnoll hits you but does no damage.
You hit the gnoll. Your headbutt misses the gnoll.
The gnoll is moderately wounded.
You slash the dart slug! The gnoll completely misses you.
The gnoll hits you with a +0 whip.
* * * LOW HITPOINT WARNING * * *
You closely miss the gnoll. Your punch misses the gnoll.
The gnoll is moderately wounded.
You hit the dart slug.
You feel better.
You kill the dart slug!
Trog accepts your kill. The gnoll hits you with a +0 whip.
The gnoll hits you but does no damage.
You barely miss the gnoll.
The gnoll is moderately wounded.
The gnoll hits you from afar with a +4 vorpal spear!
* * * LOW HITPOINT WARNING * * *
x2 The gnoll hits you with a +0 whip.
You die...

#.# #.### ....⌠#
....# ......# #.###
.......## #.#
.≈......## ###
≈≈≈≈.....## #
#≈≈g....## #
#≈≈.g†.⌠# #≈≈@...# #
##≈....# # #§≈...# #
≈# ##≈....# # .§≈#
##≈≈....# # ...≈≈#
##≈≈....⌠# #
....§≈###≈§.....##
###.....≈≈≈≈≈..$..##
#.##.....§≈...[..##


You could see 2 gnolls.

Vanquished Creatures
  A gnoll (D:2)
  A worm (D:2)
  4 dart slugs
  2 ball pythons (D:2)
  5 endoplasms
  A giant cockroach (D:2)
  5 goblins
  3 hobgoblins
  4 kobolds
  A quokka (D:1)
  2 bats (D:1)
  2 frilled lizards
  A rat (D:1)
32 creatures vanquished.

Notes
Turn   | Place    | Note
-------+----------+-------------------------------------------
     0 | D:1      | sammy202020 the Minotaur Berserker began the quest for the
                  | Orb.
     0 | D:1      | Reached XP level 1. HP: 19/19 MP: 0/0
   268 | D:1      | Reached XP level 2. HP: 27/27 MP: 1/1
   874 | D:2      | Reached XP level 3. HP: 33/33 MP: 2/2
  1121 | D:2      | Reached ** piety under Trog
  1134 | D:2      | HP: 1/33 [gnoll/+4 vorpal spear (1)]
  1134 | D:2      | Slain by a gnoll

Illustrated notes

Levels and vault maps discovered:
D:1:      heliophobic_arrival_enchanted_forest, layout_basic
D:2:      layout_loops_corners, ebering_ecumenical_altar_webs, kennysheep_donut

Skill      XL: |  1  2 |
---------------+-------+-----
Axes           | 4 |  4.3
Armour         | 3 |  3.4
Fighting       | 4 |  4.3
Dodging        | |  2.5

Action                   || total
-------------------------++-------
Melee: Hand axe          ||    67
       Headbutt          ||    15
       Punch             ||     1
  Use: Scroll            ||     2
Armor: Animal skin       ||     7
       Plate armour      ||    37
Dodge: Dodged            ||    36

Table legend: (Time is in decaauts)
 A = Elapsed time spent in this place.
 B = Non-inter-level travel time spent in this place.
 C = Inter-level travel time spent in this place.
 D = Time resting spent in this place.
 E = Time spent auto-exploring this place.
 F = Levels seen in this place.
 G = Mean time per level.
                   A        B        C        D        E       F      G
               +--------+--------+--------+--------+--------+-----+--------+
         Total |   1140 |   1127 |     13 |      0 |    892 |   2 |  570.0 |
       Dungeon |   1140 |   1127 |     13 |      0 |    892 |   2 |  570.0 |
               +--------+--------+--------+--------+--------+-----+--------+

Top non-repeatable levels by time:
     D:1: 739 daAuts
     D:2: 401 daAuts
